General information
- name: BNet
- type: Ladder team game (AT/RT)
- host: Battle.net
- saver:
map: Friends
- players: 8
- length: 30:21
- speed: Fast
- version: 1.26 W3XP
- replay type: Public
» download(240 KB)
Players
team 1 (winner)
I_Tower_Alot (
orange | 38 APM | 1156 actions | 30:21)
10 Paladin
3 Holy Light
3 Divine Shield
3 Devotion Aura
1 Resurrection
» actions
| Assign group hotkey | 26 | |
| Build / train | 84 | |
| Enter build submenu | 18 | |
| Enter hero's abilities submenu | 10 | |
| Give item / drop item | 1 | |
| Right click | 365 | |
| Select / deselect | 190 | |
| Select group hotkey | 396 | |
| Use ability | 66 | |
1156 total
» units
| Peasant | 12 | |
| Footman | 9 | |
| Gryphon Rider | 22 | |
| Knight | 7 | |
50 total
» upgrades
| Lumber Harvesting | 1 | |
| Swords | 3 | |
| Armor | 3 | |
| Animal War Training | 1 | |
| Storm Hammers | 1 | |
| Plating | 3 | |
12 total
» buildings
| Altar of Kings | 1 | |
| Farm | 12 | |
| Barracks | 1 | |
| Scout Tower | 1 | |
| Lumber Mill | 3 | |
| Arcane Tower | 1 | |
| Arcane Vault | 1 | |
| Keep | 1 | |
| Blacksmith | 1 | |
| Castle | 1 | |
| Gryphon Aviary | 2 | |
| Town Hall | 2 | |
27 total
» build order
00:36 Altar of Kings
00:46 Farm
00:55 Barracks
01:03 Farm
01:23 Scout Tower
01:37 Lumber Mill
02:02 Farm
02:18 Arcane Tower
02:32 Arcane Vault
03:58 Farm
04:54 Keep
05:00 Blacksmith
05:03 Farm
05:12 Farm
05:13 Farm
05:15 Farm
05:16 Farm
05:18 Farm
05:19 Farm
05:20 Farm
05:54 Lumber Mill
07:24 Castle
08:58 Gryphon Aviary
09:02 Gryphon Aviary
13:59 Town Hall
14:14 Lumber Mill
24:03 Town Hall
» items
| Scroll of Regeneration | 3 | |
| Potion of Healing | 1 | |
| Potion of Mana | 1 | |
| Lesser Clarity Potion | 1 | |
| Scroll of Town Portal | 1 | |
| Orb of Fire | 1 | |
8 total

»
A_BOMB (
blue | 67 APM | 2036 actions | 30:20)
5 Mountain King
3 Storm Bolt
2 Bash
» actions
| Assign group hotkey | 31 | |
| Basic commands | 131 | |
| Build / train | 86 | |
| Enter build submenu | 26 | |
| Enter hero's abilities submenu | 5 | |
| Right click | 592 | |
| Select / deselect | 518 | |
| Select group hotkey | 550 | |
| Use ability | 96 | |
2036 total
» units
| Peasant | 13 | |
| Footman | 8 | |
| Goblin Sapper | 6 | |
| Siege Engine | 13 | |
40 total
» upgrades
| Masonry | 3 | |
| Defend | 1 | |
| Plating | 3 | |
| Gunpowder | 3 | |
| Barrage | 1 | |
11 total
» buildings
| Altar of Kings | 1 | |
| Barracks | 1 | |
| Farm | 6 | |
| Scout Tower | 8 | |
| Arcane Vault | 1 | |
| Lumber Mill | 1 | |
| Arcane Tower | 1 | |
| Keep | 1 | |
| Guard Tower | 5 | |
| Blacksmith | 1 | |
| Workshop | 4 | |
| Castle | 1 | |
31 total
» build order
00:13 Altar of Kings
00:28 Barracks
00:50 Farm
02:03 Scout Tower
02:04 Scout Tower
02:12 Farm
02:22 Arcane Vault
02:43 Lumber Mill
03:28 Arcane Tower
03:39 Farm
05:07 Keep
05:09 Scout Tower
05:13 Scout Tower
05:40 Guard Tower
05:41 Guard Tower
05:43 Scout Tower
06:14 Scout Tower
06:16 Guard Tower
07:07 Guard Tower
07:16 Farm
07:19 Farm
07:22 Farm
07:30 Blacksmith
09:07 Workshop
09:09 Workshop
09:53 Workshop
10:28 Castle
11:06 Scout Tower
11:09 Scout Tower
12:49 Guard Tower
23:55 Workshop
» items
| Scroll of Regeneration | 4 | |
| Lesser Clarity Potion | 5 | |
| Scroll of Town Portal | 4 | |
| Potion of Healing | 7 | |
| Orb of Fire | 1 | |
21 total
ESportAlphaMale (
purple | 180 APM | 5470 actions | 30:21)
7 Archmage
3 Summon Water Elemental
3 Brilliance Aura
1 Mass Teleport
5 Death Knight
3 Death Coil
2 Unholy Aura
5 Lich
3 Frost Nova
2 Dark Ritual
» actions
| Assign group hotkey | 263 | |
| Basic commands | 607 | |
| Build / train | 167 | |
| ESC pressed | 3 | |
| Enter build submenu | 68 | |
| Enter hero's abilities submenu | 18 | |
| Right click | 2038 | |
| Select / deselect | 905 | |
| Select group hotkey | 1207 | |
| Use ability | 194 | |
5470 total
» units
| Peasant | 21 | |
| Acolyte | 12 | |
| Footman | 9 | |
| Ghoul | 13 | |
| Sorceress | 1 | |
| Obsidian Statue | 1 | |
| Mortar Team | 17 | |
| Frost Wyrm | 4 | |
| Priest | 3 | |
| Gargoyle | 6 | |
| Spell Breaker | 4 | |
91 total
» upgrades
| Masonry | 3 | |
| Defend | 1 | |
| Magic Sentry | 1 | |
| Fragmentation Shards | 1 | |
| Gunpowder | 2 | |
| Priest Training | 2 | |
| Lumber Harvesting | 2 | |
| Creature Attack | 1 | |
| Burrow | 1 | |
| Web | 1 | |
| Ghoul Frenzy | 1 | |
| Stone Form | 1 | |
| Sorceress Training | 1 | |
18 total
» buildings
| Barracks | 1 | |
| Farm | 13 | |
| Ziggurat | 10 | |
| Crypt | 4 | |
| Altar of Darkness | 1 | |
| Lumber Mill | 2 | |
| Graveyard | 2 | |
| Altar of Kings | 1 | |
| Tomb of Relics | 1 | |
| Nerubian Tower | 1 | |
| Scout Tower | 19 | |
| Arcane Tower | 1 | |
| Halls of the Dead | 1 | |
| Guard Tower | 15 | |
| Spirit Tower | 4 | |
| Keep | 1 | |
| Blacksmith | 1 | |
| Black Citadel | 2 | |
| Necropolis | 2 | |
| Sacrificial Pit | 1 | |
| Slaughterhouse | 1 | |
| Castle | 1 | |
| Arcane Sanctum | 3 | |
| Workshop | 2 | |
| Arcane Vault | 1 | |
| Boneyard | 4 | |
| Town Hall | 1 | |
96 total
» build order
00:34 Barracks
00:38 Farm
00:48 Ziggurat
00:50 Crypt
00:53 Altar of Darkness
00:58 Lumber Mill
01:04 Farm
01:09 Graveyard
01:13 Altar of Kings
01:21 Tomb of Relics
01:34 Ziggurat
01:46 Nerubian Tower
01:57 Scout Tower
02:19 Farm
02:34 Arcane Tower
02:47 Scout Tower
02:53 Ziggurat
03:07 Farm
03:32 Halls of the Dead
03:46 Guard Tower
03:55 Spirit Tower
04:16 Keep
05:55 Blacksmith
05:58 Black Citadel
06:02 Necropolis
06:03 Sacrificial Pit
06:19 Slaughterhouse
06:41 Castle
06:43 Arcane Sanctum
06:49 Arcane Sanctum
06:55 Black Citadel
07:08 Scout Tower
07:08 Scout Tower
07:09 Scout Tower
07:11 Scout Tower
07:12 Scout Tower
07:33 Workshop
07:36 Arcane Vault
08:42 Guard Tower
08:42 Guard Tower
08:57 Farm
08:57 Farm
08:58 Farm
09:16 Guard Tower
09:23 Boneyard
09:24 Boneyard
09:27 Boneyard
09:28 Boneyard
10:05 Ziggurat
10:06 Ziggurat
11:05 Workshop
11:11 Graveyard
11:30 Necropolis
12:14 Farm
12:15 Farm
12:20 Farm
12:42 Ziggurat
12:43 Ziggurat
12:43 Ziggurat
15:34 Spirit Tower
15:49 Town Hall
16:38 Lumber Mill
18:54 Crypt
18:55 Crypt
18:56 Crypt
19:08 Scout Tower
19:08 Scout Tower
19:09 Scout Tower
19:10 Scout Tower
19:10 Scout Tower
20:01 Guard Tower
20:23 Guard Tower
20:24 Guard Tower
21:25 Guard Tower
23:41 Farm
23:42 Farm
23:42 Farm
26:40 Ziggurat
26:42 Ziggurat
27:14 Scout Tower
27:16 Scout Tower
27:16 Scout Tower
27:18 Scout Tower
27:19 Scout Tower
27:46 Spirit Tower
27:52 Guard Tower
27:53 Guard Tower
27:55 Scout Tower
27:55 Scout Tower
28:46 Guard Tower
28:46 Guard Tower
» items
| Rod of Necromancy | 1 | |
| Scroll of Regeneration | 1 | |
| Lesser Clarity Potion | 1 | |
| Orb of Corruption | 2 | |
| Scroll of Healing | 3 | |
8 total
team 2 (loser)
JuDiCaToR[JoW] (
teal | 77 APM | 2253 actions | 29:20)
5 Death Knight
3 Death Coil
2 Unholy Aura
5 Pit Lord
3 Rain of Fire
2 Cleaving Attack
» actions
| Assign group hotkey | 9 | |
| Basic commands | 200 | |
| Build / train | 86 | |
| ESC pressed | 4 | |
| Enter build submenu | 21 | |
| Enter hero's abilities submenu | 12 | |
| Give item / drop item | 3 | |
| Right click | 1127 | |
| Select / deselect | 366 | |
| Select group hotkey | 276 | |
| Use ability | 149 | |
2253 total
» units
| Acolyte | 10 | |
| Ghoul | 4 | |
| Crypt Fiend | 17 | |
| Obsidian Statue | 5 | |
| Goblin Sapper | 4 | |
40 total
» upgrades
| Burrow | 1 | |
| Web | 2 | |
| Ghoul Frenzy | 1 | |
| Creature Attack | 1 | |
| Destroyer Form | 1 | |
6 total
» buildings
| Graveyard | 1 | |
| Crypt | 2 | |
| Altar of Darkness | 1 | |
| Ziggurat | 10 | |
| Tomb of Relics | 1 | |
| Nerubian Tower | 1 | |
| Halls of the Dead | 1 | |
| Black Citadel | 1 | |
| Slaughterhouse | 2 | |
| Spirit Tower | 2 | |
22 total
» build order
00:11 Graveyard
00:21 Crypt
00:43 Altar of Darkness
00:57 Ziggurat
01:11 Tomb of Relics
02:18 Ziggurat
02:19 Ziggurat
02:21 Nerubian Tower
03:55 Halls of the Dead
05:12 Ziggurat
05:14 Ziggurat
05:15 Ziggurat
08:53 Black Citadel
09:17 Crypt
11:51 Slaughterhouse
11:52 Slaughterhouse
12:35 Ziggurat
12:36 Ziggurat
26:58 Ziggurat
26:59 Ziggurat
27:05 Spirit Tower
28:00 Spirit Tower
» items
| Rod of Necromancy | 2 | |
| Dust of Appearance | 1 | |
| Sacrificial Skull | 1 | |
| Lesser Clarity Potion | 1 | |
| Potion of Healing | 3 | |
| Potion of Mana | 2 | |
| Scroll of Healing | 3 | |
| Orb of Corruption | 1 | |
| Scroll of Town Portal | 3 | |
| Inferno Stone | 1 | |
| Book of the Dead | 1 | |
19 total
Rising_Noob (
green | 46 APM | 1355 actions | 29:15)
3 Warden
1 Shadow Strike
1 Fan of Knives
1 Blink
2 Demon Hunter
1 Mana Burn
1 Immolation
3 Priestess of the Moon
2 Trueshot Aura
1 Searing Arrows
» actions
| Assign group hotkey | 4 | |
| Build / train | 59 | |
| Enter build submenu | 30 | |
| Enter hero's abilities submenu | 8 | |
| Remove unit from queue | 2 | |
| Right click | 786 | |
| Select / deselect | 346 | |
| Select group hotkey | 12 | |
| Use ability | 108 | |
1355 total
» units
| Wisp | 18 | |
| Druid of the Talon | 2 | |
| Chimaera | 6 | |
26 total
» upgrades
| Druid of the Talon Training | 1 | |
| Corrosive Breath | 1 | |
2 total
» buildings
| Ancient of War | 6 | |
| Moon Well | 11 | |
| Altar of Elders | 1 | |
| Ancient of Wonders | 1 | |
| Tree of Ages | 1 | |
| Hunter's Hall | 2 | |
| Ancient of Wind | 2 | |
| Tree of Eternity | 2 | |
| Ancient Protector | 1 | |
| Chimaera Roost | 2 | |
| Ancient of Lore | 2 | |
31 total
» build order
00:12 Ancient of War
00:16 Moon Well
00:35 Altar of Elders
01:47 Ancient of War
01:57 Ancient of Wonders
02:11 Moon Well
02:31 Moon Well
02:54 Moon Well
03:55 Tree of Ages
04:03 Moon Well
05:27 Hunter's Hall
05:39 Ancient of War
05:45 Ancient of War
06:28 Ancient of Wind
06:29 Tree of Eternity
06:30 Tree of Eternity
07:26 Ancient of Wind
07:47 Ancient Protector
09:05 Chimaera Roost
11:23 Chimaera Roost
17:05 Moon Well
19:00 Moon Well
19:02 Moon Well
19:02 Moon Well
19:03 Moon Well
19:04 Moon Well
22:45 Hunter's Hall
23:52 Ancient of Lore
23:55 Ancient of Lore
24:05 Ancient of War
24:13 Ancient of War
» items
| Lesser Clarity Potion | 4 | |
| Moonstone | 1 | |
| Staff of Preservation | 1 | |
| Orb of Venom | 2 | |
| Potion of Healing | 2 | |
| Orb of Lightning | 1 | |
| Healing Salve | 1 | |
12 total

»
Ur_F-N_New_Guy (
red | 33 APM | 987 actions | 30:07)
5 Blademaster
1 Wind Walk
3 Critical Strike
1 Mirror Image
» actions
| Assign group hotkey | 16 | |
| Build / train | 62 | |
| Enter build submenu | 19 | |
| Enter hero's abilities submenu | 5 | |
| Right click | 354 | |
| Select / deselect | 214 | |
| Select group hotkey | 225 | |
| Use ability | 92 | |
987 total
» units
| Peon | 8 | |
| Grunt | 5 | |
| Troll Witch Doctor | 8 | |
| Shaman | 8 | |
| Tauren | 7 | |
| Forest Troll Shadow Priest | 2 | |
| Ogre Mauler | 1 | |
| Forest Troll Berserker | 1 | |
40 total
» upgrades
| Shaman Training | 2 | |
| Witch Doctor Training | 2 | |
| Pulverize | 1 | |
5 total
» buildings
| Altar of Storms | 1 | |
| Orc Burrow | 7 | |
| Barracks | 1 | |
| Stronghold | 1 | |
| Voodoo Lounge | 1 | |
| Spirit Lodge | 2 | |
| War Mill | 1 | |
| Fortress | 1 | |
| Watch Tower | 3 | |
| Tauren Totem | 1 | |
19 total
» build order
00:16 Altar of Storms
00:18 Orc Burrow
00:42 Barracks
02:02 Orc Burrow
03:24 Stronghold
04:01 Voodoo Lounge
05:26 Orc Burrow
06:07 Spirit Lodge
06:12 Spirit Lodge
07:06 Orc Burrow
07:18 War Mill
08:36 Fortress
08:45 Watch Tower
09:49 Orc Burrow
09:56 Orc Burrow
10:08 Watch Tower
10:27 Watch Tower
11:47 Orc Burrow
12:45 Tauren Totem
» items
| Healing Salve | 4 | |
| Lesser Clarity Potion | 1 | |
| Scroll of Town Portal | 1 | |
| Orb of Lightning | 1 | |
| Scroll of Speed | 1 | |
| Book of the Dead | 1 | |
9 total

»
Clinton4Never (
pink | 54 APM | 1648 actions | 30:21)
4 Pandaren Brewmaster
2 Breath of Fire
2 Drunken Haze
4 Dark Ranger
2 Black Arrow
2 Silence
» actions
| Assign group hotkey | 131 | |
| Basic commands | 78 | |
| Build / train | 79 | |
| ESC pressed | 1 | |
| Enter build submenu | 16 | |
| Enter hero's abilities submenu | 8 | |
| Give item / drop item | 7 | |
| Right click | 829 | |
| Select / deselect | 222 | |
| Select group hotkey | 148 | |
| Use ability | 129 | |
1648 total
» units
| Wisp | 24 | |
| Archer | 2 | |
| Dryad | 8 | |
| Goblin Shredder | 1 | |
| Goblin Zeppelin | 1 | |
| Mountain Giant | 1 | |
37 total
» upgrades
| Ultravision | 1 | |
| Strength of the Wild | 3 | |
| Reinforced Hides | 3 | |
| Nature's Blessing | 1 | |
| Abolish Magic | 1 | |
| Well Spring | 1 | |
| Hardened Skin | 1 | |
| Resistant Skin | 1 | |
12 total
» buildings
| Moon Well | 7 | |
| Altar of Elders | 1 | |
| Ancient of Wonders | 1 | |
| Ancient of War | 1 | |
| Tree of Ages | 1 | |
| Hunter's Hall | 1 | |
| Ancient of Lore | 3 | |
| Tree of Eternity | 1 | |
| Tree of Life | 2 | |
18 total
» build order
00:24 Moon Well
00:49 Altar of Elders
01:26 Moon Well
01:35 Moon Well
01:57 Moon Well
02:35 Ancient of Wonders
02:44 Ancient of War
03:52 Tree of Ages
04:01 Hunter's Hall
05:27 Moon Well
05:29 Moon Well
06:21 Ancient of Lore
06:26 Ancient of Lore
06:30 Ancient of Lore
07:11 Tree of Eternity
16:19 Moon Well
20:46 Tree of Life
26:48 Tree of Life
» items
| Dust of Appearance | 1 | |
| Potion of Healing | 5 | |
| Potion of Mana | 4 | |
| Staff of Preservation | 1 | |
| Moonstone | 3 | |
| Orb of Venom | 1 | |
| Scroll of Town Portal | 1 | |
| Anti-magic Potion | 1 | |
| Lesser Clarity Potion | 1 | |
18 total
Chat log
(00:05 / All) JuDiCaToR[JoW]: LOL
(00:05 / All) A_BOMB: Lovely.
(00:08 / All) Clinton4Never: yay
(00:09 / All) JuDiCaToR[JoW]: he got scared of me,..
(00:10 / All) ESportAlphaMale: I don't care.
(00:16 / All) A_BOMB: WAIT
(00:16 / All) JuDiCaToR[JoW]: ;]
(00:17 / All) ESportAlphaMale: Two bases at once it is.
(00:19 / All) A_BOMB: Was that really darkness calls
(00:21 / All) A_BOMB: From teh battle.net forums?
(00:24 / All) A_BOMB: The current wgdf?
(00:25 / All) JuDiCaToR[JoW]: no
(00:26 / All) ESportAlphaMale: Yes, that was him.
(00:29 / All) A_BOMB: Rofl
(00:32 / All) JuDiCaToR[JoW]: no that's not him
(00:36 / All) Clinton4Never: rofl really?
(00:40 / All) JuDiCaToR[JoW]: raelly it's not
(00:42 / All) ESportAlphaMale: Yes, it's him.
(00:43 / All) Clinton4Never: i thought that name sounded familiar
(00:49 / All) JuDiCaToR[JoW]: >.>
(01:01 / Allies) JuDiCaToR[JoW]: hate how no one knows me any more..
(01:05 / Allies) JuDiCaToR[JoW]: thats what happens when you dont play for 2 years
(01:18 / All) Clinton4Never: NOONE KNEW YOU TWO YEARS AGO EITHER LAWL
(01:27 / All) ESportAlphaMale: Me?
(01:28 / Allies) JuDiCaToR[JoW]: actually I was quite famous on east two years ago >.>
(01:29 / All) ESportAlphaMale: I'm fucking famous, brah.
(01:29 / Allies) JuDiCaToR[JoW]: and west
(01:30 / All) Clinton4Never: teal
(01:41 / All) A_BOMB: whos teal
(01:50 / All) Clinton4Never: LOL HE THINKS HE WAS E-FAMOUS ON THE INTERNET
(01:50 / All) A_BOMB: Never seen on wgdf
(01:54 / All) A_BOMB: not that i remember
(02:09 / All) JuDiCaToR[JoW]: not talking about wgdf
(02:14 / All) A_BOMB: oh
(03:34 / All) Clinton4Never: teal i thought you were pro?
(03:40 / Allies) JuDiCaToR[JoW]: sorry drinking some tea
(03:41 / Allies) JuDiCaToR[JoW]: >.<!
(03:44 / Allies) JuDiCaToR[JoW]: not paying attent
(03:45 / Allies) Rising_Noob: dont use all my moons
(03:51 / Allies) Rising_Noob: go buy ur own stuff
(04:14 / Allies) JuDiCaToR[JoW]: use rod..
(04:23 / Allies) JuDiCaToR[JoW]: pass it
(04:41 / Allies) Rising_Noob: go use moon now
(06:21 / Allies) JuDiCaToR[JoW]: lets go back
(06:40 / Allies) Clinton4Never: omw
(06:42 / Allies) Clinton4Never: walking
(06:56 / Allies) Clinton4Never: lol
(06:57 / Allies) Clinton4Never: tps
(07:06 / Allies) Clinton4Never: omw teal
(07:34 / Allies) Clinton4Never: take teal
(07:38 / Allies) JuDiCaToR[JoW]: ty
(07:53 / Allies) Clinton4Never: use my staff on that fiend
(09:03 / Allies) Clinton4Never: smashing my skeleton eh
(09:07 / Allies) JuDiCaToR[JoW]: hahaha
(11:17 / Allies) JuDiCaToR[JoW]: gotta use some wells if you dont mind
(11:28 / Allies) Clinton4Never: sorry i thought this was a team game
(11:35 / Allies) JuDiCaToR[JoW]: lol
(11:38 / Allies) JuDiCaToR[JoW]: umm
(11:39 / Allies) JuDiCaToR[JoW]: it is?
(11:41 / All) A_BOMB: your chat any good?
(11:42 / Allies) Clinton4Never: :P
(11:47 / All) Clinton4Never: mah dull
(11:51 / All) ESportAlphaMale: I'm bissy, can't chat here. o.o
(11:56 / All) A_BOMB: undesrtandable
(12:00 / All) Clinton4Never: i used the "im sorry i thought this was a team game" line but in the wrong context
(12:05 / All) ESportAlphaMale: lol
(12:21 / Allies) JuDiCaToR[JoW]: lets own :D
(12:32 / Allies) Clinton4Never: comin
(12:45 / Allies) Rising_Noob: coming
(12:56 / Allies) Rising_Noob: red
(12:57 / Allies) Rising_Noob: go
(15:32 / Allies) JuDiCaToR[JoW]: lets finish him off
(15:41 / Allies) JuDiCaToR[JoW]: get the bone yards
(15:53 / Allies) Rising_Noob: gold mine
(17:02 / Allies) JuDiCaToR[JoW]: clan doth loves u all :D3
(20:00 / Allies) JuDiCaToR[JoW]: coming help dwn there
(20:18 / Allies) JuDiCaToR[JoW]: pool me gold plz for imba summons
(20:43 / Allies) JuDiCaToR[JoW]: ty
(21:07 / All) JuDiCaToR[JoW]: raped :D
(21:14 / Allies) Rising_Noob: go noob teal
(21:17 / All) ESportAlphaMale: 71-52
(21:19 / All) ESportAlphaMale: Stopped caring there.
(21:29 / All) Clinton4Never: lol
(21:30 / Allies) JuDiCaToR[JoW]: noob..?.
(22:50 / Allies) JuDiCaToR[JoW]: pink rdy to hit purple and yellow?
(23:00 / Allies) Clinton4Never: sorry im expanding
(23:03 / Allies) JuDiCaToR[JoW]: kk
(23:14 / Allies) JuDiCaToR[JoW]: pink we need you in the next team fight k?
(23:20 / Allies) Clinton4Never: k
(23:48 / Allies) JuDiCaToR[JoW]: opening up mid
(23:59 / Allies) Clinton4Never: thats what my shredders for
(23:59 / Allies) Clinton4Never: lol
(24:09 / Allies) JuDiCaToR[JoW]: this faster :D
(24:13 / Allies) JuDiCaToR[JoW]: haha
(24:39 / Allies) Rising_Noob: ˆhelp noobs
(24:45 / Allies) JuDiCaToR[JoW]: BACK UP RED
(24:53 / Allies) JuDiCaToR[JoW]: pink tp
(25:51 / Allies) JuDiCaToR[JoW]: pink why didnt you tp to the air in the back with me?
(26:12 / Allies) JuDiCaToR[JoW]: >..>
(26:15 / Allies) JuDiCaToR[JoW]: just lost such a winnable game
(26:17 / All) ESportAlphaMale: Emphasis on the smiley face, you fucking asshole.
(26:22 / All) ESportAlphaMale: :D
(26:23 / Allies) JuDiCaToR[JoW]: mostly because green suicided all his damn chims
(26:25 / All) A_BOMB: lol
(26:27 / Allies) JuDiCaToR[JoW]: like a retard3
(26:32 / Allies) JuDiCaToR[JoW]: and expected everyone else to save his ass
(26:49 / Allies) Rising_Noob: noob fucker u creep instead of goin kill blue idito watch the damn replay n kill urself moron
(26:55 / Allies) JuDiCaToR[JoW]: lmao stfu kid
(26:56 / Allies) JuDiCaToR[JoW]: learn 2 play
(27:08 / All) Clinton4Never: interesting trash talk on this team now :P
(27:12 / Allies) Rising_Noob: stfu learn to not creep
(27:13 / All) Clinton4Never: will post it on the forums after
(27:18 / All) A_BOMB: Goodie
(27:20 / Allies) JuDiCaToR[JoW]: learn not to creep?
(27:24 / All) JuDiCaToR[JoW]: green told me to learn not to creep
(27:32 / All) JuDiCaToR[JoW]: someone on your team hacks
(27:40 / All) ESportAlphaMale: My macro is augmented.
(28:44 / Allies) Rising_Noob: u c now noob where is ur mistake
(28:46 / Allies) Rising_Noob: vs blue
(28:48 / Allies) Rising_Noob: ????
(28:52 / Allies) JuDiCaToR[JoW]: LOL
(28:53 / Allies) Rising_Noob: learn to play noobie
(28:54 / Allies) JuDiCaToR[JoW]: dude stfu moron
(29:00 / Allies) JuDiCaToR[JoW]: I hit fucking yellow and purple ALL game
(29:03 / Allies) JuDiCaToR[JoW]: with pink
(29:06 / Allies) JuDiCaToR[JoW]: wtf were you doing noob?
(29:08 / All) Rising_Noob: gg teal dont deserve to win
(29:14 / All) A_BOMB: LOL
(29:40 / All) ESportAlphaMale: Played a lousy game, too.
(30:10 / All) Clinton4Never: gg boys
(30:12 / All) Clinton4Never: rm?
(30:13 / All) ESportAlphaMale: ggs
(30:13 / All) A_BOMB: GG
(30:15 / All) A_BOMB: yeah
(30:16 / All) ESportAlphaMale: Yeah, I'm good to go.
(30:18 / All) Clinton4Never: cya in the channel
(30:21 / All) ESportAlphaMale: Yup.